Map: Sueño ártico EE

Players

MrFercho

  • Race: Zerg Zerg
  • League: Gold
  • Spawn Location: 12:00

TATORREA

  • Race: Protoss Protoss
  • League: Gold
  • Spawn Location: 11:00

BigBongJovi - Winner!

  • Race: Zerg Zerg
  • Spawn Location: 6:00

GatoconBotas - Winner!

  • Race: Terran Terran
  • League: Gold
  • Spawn Location: 5:00

VOD

Have the link to the VOD?

Description

Time

  • Played on: Aug. 6, 2020, 10:19 p.m.
  • Length: 17:56
Show
View Real Time Build Order
Export as new Build Order

MrFercho Zerg 

Build Orders: Hatch First, Lurkers 

Get SALT Encoding   

  12  0:00  Drone  
  13  0:15  Overlord  
  13  0:18  Drone  
  14  0:34  Drone x2  
  16  0:49  Hatchery  
  15  0:53  Drone  
  15  0:56  Drone  
  17  1:00  Drone  
  18  1:10  Extractor  
  17  1:15  Spawning Pool  
  17  1:18  Drone  
  17  1:21  Drone  
  18  1:31  Drone  
  19  1:42  Drone  
  20  1:54  Overlord  
  20  2:06  Overlord  
  20  2:08  Drone  
  21  2:10  Queen x2  
  21  2:13  Zergling x2  
  21  2:14  Zergling x2  
  26  2:39  Drone  
  27  2:45  Drone x2  
  27  2:46  Overlord  
  27  2:47  Drone x2  
  31  3:08  Drone x2  
  31  3:09  Drone x2  
  35  3:16  Lair  
  35  3:18  Queen  
  37  3:23  Drone x2  
  39  3:28  Drone x4  
  39  3:30  Overlord  
  39  3:33  Drone x2  
  45  3:34  Drone  
  46  3:50  Drone  
  46  3:51  Drone  
  48  4:10  Extractor  
  48  4:11  Extractor  
  46  4:35  Roach Warren  
  46  4:37  Evolution Chamber  
  44  4:42  Drone x2  
  44  4:45  Drone x10  
  51  4:46  Drone x2  
  51  4:51  Overlord  
  58  4:56  Queen  
  60  5:04  Zerg Missile Weapons Level 1  
  60  5:11  Hatchery  
  59  5:29  Glial Reconstitution  
  59  5:31  Zergling x18  
  68  5:51  Overlord x3  
  68  5:52  Overlord  
  68  5:56  Overseer  
  68  6:39  Roach  
  79  6:40  Roach x7  
  75  6:48  Drone  
  75  6:52  Drone  
  75  6:53  Drone x3  
  80  7:29  Evolution Chamber  
  79  7:38  Drone  
  79  7:39  Drone x2  
  79  7:40  Drone x4  
  79  7:41  Drone x2  
  88  7:46  Extractor  
  88  7:47  Extractor  
  88  7:48  Queen  
  88  7:56  Extractor  
  88  7:57  Hydralisk Den  
  86  7:59  Infestation Pit  
  86  8:02  Evolution Chamber  
  86  8:04  Overlord x3  
  86  8:05  Spire  
  83  8:06  Roach x5  
  93  8:17  Hatchery  
  92  8:20  Drone x3  
  95  8:44  Overlord  
  95  8:45  Overlord x2  
  95  8:52  Muscular Augments  
  95  8:55  Zerg Missile Weapons Level 2  
  95  8:57  Lurker Den  
  95  8:58  Zerg Ground Armor Level 1  
  94  9:11  Hydralisk x11  
  116  9:32  Hydralisk x5  
  126  9:56  Overlord x3  
  126  10:03  Overlord x2, Grooved Spines  
  126  10:05  Overlord  
  126  10:08  Metabolic Boost  
  126  10:12  Zerg Flyer Weapons Level 1  
  126  10:17  Hive  
  126  10:27  Baneling Nest  
  125  10:33  Overseer x2  
  125  11:03  Lurker x7  
  132  11:10  Centrifical Hooks  
  132  11:12  Hydralisk  
  132  11:14  Zergling x16  
  132  11:15  Zergling x26  
  132  11:16  Queen  
  157  11:32  Overlord x3  
  157  11:33  Zergling x8  
  157  11:39  Seismic Spines  
  126  11:55  Hydralisk  
  126  11:56  Hydralisk x5  
  126  11:57  Hatchery  
  111  12:05  Hatchery  
  105  12:09  Hydralisk x3  
  101  12:21  Corruptor  
  89  12:23  Hydralisk x2  
  87  12:36  Adaptive Talons  
  59  12:57  Hydralisk x7  
  70  13:00  Drone x9  
  70  13:01  Drone  
  65  13:13  Hydralisk x3  
  71  13:21  Hydralisk  
  69  13:42  Zergling x10  
  69  13:43  Zergling x14  
  70  14:21  Hydralisk x7  
  83  14:41  Hydralisk x2  
  83  14:42  Hatchery  
  86  14:46  Zergling x16  
  92  15:07  Drone x2  
  92  15:08  Drone  
  92  15:12  Drone  
  92  15:13  Drone x3  
  97  15:40  Zergling x18  
  72  16:15  Hydralisk  
  72  16:16  Hydralisk x3  
  80  16:18  Zergling x4  
  80  16:19  Zergling x20  
  88  16:38  Hydralisk x2  
  88  16:39  Hydralisk x3  
  98  16:44  Drone  
  98  16:47  Drone  
  98  16:48  Drone x4  
  98  16:52  Extractor  
  69  17:07  Mutalisk  
  69  17:08  Mutalisk x2  
  70  17:15  Hydralisk x9  
  74  17:21  Zergling x2  
  74  17:22  Zergling x2  
Show
View Real Time Build Order
Export as new Build Order

TATORREA Protoss 

Build Orders: Archon Immortal 

Get SALT Encoding   

  12  0:03  Probe  
  13  0:15  Probe  
  14  0:23  Pylon  
  14  0:27  Probe  
  15  0:41  Probe  
  16  0:48  Gateway  
  16  0:53  Probe (Chrono Boost)  
  17  0:58  Assimilator  
  17  1:00  Pylon  
  18  1:05  Probe (Chrono Boost)  
  18  1:11  Probe (Chrono Boost)  
  19  1:19  Probe  
  19  1:20  Gateway  
  20  1:26  Assimilator  
  20  1:31  Probe  
  21  1:43  Probe  
  22  1:51  Cybernetics Core  
  22  1:55  Probe  
  22  1:59  Pylon  
  23  2:28  Nexus  
  23  2:29  Pylon  
  23  2:35  Robotics Facility  
  23  2:42  Stalker (Chrono Boost)  
  25  2:47  Warp Gate  
  25  2:56  Stalker (Chrono Boost)  
  27  3:26  Probe  
  28  3:33  Immortal  
  32  3:38  Probe  
  32  3:40  Probe  
  34  3:50  Probe  
  34  3:52  Probe  
  34  3:55  Pylon  
  36  4:02  Probe  
  37  4:04  Probe  
  38  4:13  Twilight Council, Immortal  
  38  4:14  Probe  
  38  4:16  Probe  
  44  4:27  Probe  
  44  4:28  Probe  
  46  4:39  Probe  
  46  4:40  Forge, Probe  
  48  4:46  Charge (Chrono Boost)  
  48  4:49  Pylon  
  48  4:51  Probe  
  48  4:52  Immortal, Probe  
  54  5:03  Assimilator, Probe  
  54  5:04  Probe  
  54  5:05  Assimilator  
  56  5:11  Protoss Ground Weapons Level 1 (Chrono Boost)  
  56  5:15  Probe  
  56  5:16  Probe  
  58  5:27  Probe  
  59  5:29  Probe  
  59  5:31  Immortal  
  64  5:39  Probe, Zealot x2  
  69  5:58  Nexus  
  69  5:59  Pylon  
  69  6:01  Pylon  
  69  6:03  Probe x2  
  71  6:09  Blink (Chrono Boost)  
  71  6:10  Immortal  
  75  6:20  Probe (Chrono Boost)  
  75  6:21  Probe (Chrono Boost)  
  75  6:22  Gateway  
  75  6:25  Gateway  
  79  6:32  Probe (Chrono Boost)  
  79  6:33  Probe (Chrono Boost)  
  79  6:38  Probe (Chrono Boost)  
  79  6:39  Probe (Chrono Boost)  
  81  7:15  Protoss Ground Weapons Level 2 (Chrono Boost)  
  81  7:20  Probe x3  
  84  7:23  Immortal  
  84  7:28  Templar Archives  
  88  7:32  Probe x3  
  88  7:33  Pylon  
  91  7:39  Pylon  
  91  7:43  Assimilator  
  92  7:44  Pylon, Probe x3  
  92  7:47  Assimilator  
  92  7:49  Gateway  
  94  7:51  Gateway  
  94  7:54  Robotics Bay  
  94  7:56  Gateway  
  94  7:59  Probe x2  
  94  8:01  Probe  
  94  8:03  Immortal  
  101  8:11  Probe  
  102  8:15  High Templar x4  
  102  8:19  Archon x2  
  110  8:21  Psionic Storm  
  110  8:35  Gateway  
  110  8:49  Gateway  
  110  8:50  Gateway  
  110  8:54  Gateway  
  110  8:57  High Templar x3  
  110  8:58  High Templar x3  
  110  8:59  Pylon  
  110  9:02  Nexus, Zealot  
  124  9:03  Pylon, Archon  
  124  9:04  Archon x2  
  124  9:14  Gateway  
  124  9:16  Gateway  
  124  9:17  Gateway  
  121  9:47  Stalker  
  121  9:48  Stalker  
  121  9:50  Stalker x2  
  129  9:53  Stalker x2  
  129  9:55  Stalker  
  133  10:06  Nexus  
  133  10:07  Pylon  
  133  10:11  Pylon  
  133  10:21  Gateway  
  133  10:24  Gateway  
  133  10:25  Stargate  
  133  10:26  Gateway  
  133  10:27  Stargate  
  133  10:29  Gateway  
  133  10:30  Robotics Facility  
  133  10:41  Stalker x4  
  133  10:42  Stalker x2  
  143  10:43  Stalker x2  
  143  10:44  Extended Thermal Lance (Chrono Boost)  
  143  10:49  Protoss Ground Weapons Level 3 (Chrono Boost)  
  149  10:51  Photon Cannon  
  149  10:52  Pylon  
  149  10:55  Photon Cannon x2, Pylon  
  149  10:58  Photon Cannon  
  149  11:06  Pylon  
  149  11:08  Pylon  
  149  11:09  Colossus  
  155  11:13  High Templar  
  155  11:14  High Templar x2  
  155  11:18  Archon  
  161  11:34  Void Ray, Pylon  
  161  11:36  Void Ray, Pylon  
  161  11:38  Protoss Air Weapons Level 1 (Chrono Boost)  
  161  11:39  Pylon  
  139  12:15  Probe x3  
  142  12:26  Probe  
  142  12:27  Probe x3  
  146  12:38  Probe  
  146  12:39  Probe  
  146  12:40  Stalker x2  
  146  12:41  Stalker x3  
  146  12:42  Stalker x4  
  146  12:43  Stalker x3  
  112  13:34  Stalker x2  
  112  13:35  Stalker x3  
  112  13:36  Stalker x4  
  112  13:37  Stalker  
  105  14:14  Stalker  
  72  14:38  Stalker x2, Assimilator  
  74  14:39  Stalker x5  
  74  14:40  Stalker  
  74  14:43  Assimilator  
  76  14:57  Stalker x2  
  54  15:12  Probe x3  
  43  15:20  Zealot x2  
  43  15:21  Zealot x4  
  47  15:22  Zealot x5  
  47  15:23  Zealot x3  
  47  15:24  Probe x2, Zealot x2  
  47  15:25  Zealot  
  62  15:42  Zealot x4  
  68  15:43  Zealot x5  
  80  15:57  Probe x2  
  71  16:27  High Templar  
  71  16:28  Zealot  
  71  16:29  Zealot x4  
Show
View Real Time Build Order
Export as new Build Order

BigBongJovi Zerg - Winner!

Build Orders: Hatch First, Brood Lord Corruptor 

Get SALT Encoding   

  12  0:03  Drone  
  13  0:13  Overlord  
  13  0:17  Drone  
  14  0:32  Drone x2  
  16  0:40  Drone  
  17  0:56  Hatchery  
  16  0:57  Drone  
  16  1:03  Drone  
  18  1:08  Drone  
  19  1:11  Extractor  
  18  1:19  Drone  
  18  1:23  Spawning Pool  
  18  1:30  Drone  
  19  1:40  Drone  
  19  1:45  Extractor  
  19  1:53  Hatchery  
  18  1:56  Drone  
  19  2:02  Drone  
  19  2:08  Drone  
  21  2:14  Drone  
  22  2:19  Drone  
  23  2:26  Drone  
  23  2:29  Drone  
  25  2:39  Evolution Chamber  
  25  2:42  Lair  
  24  2:47  Drone x3  
  24  2:51  Drone  
  28  3:15  Metabolic Boost  
  28  3:18  Zerg Melee Weapons Level 1  
  28  3:20  Drone x4  
  28  3:21  Drone x2  
  28  3:24  Evolution Chamber  
  28  3:26  Overlord  
  33  3:44  Evolution Chamber  
  33  3:47  Drone x3  
  33  3:48  Drone x4  
  39  3:53  Zergling x2  
  40  4:10  Hydralisk Den  
  40  4:13  Zerg Ground Armor Level 1  
  40  4:14  Drone  
  40  4:15  Drone x2  
  42  4:30  Extractor  
  42  4:31  Extractor  
  40  4:37  Infestation Pit  
  39  4:42  Zergling x6  
  39  4:45  Overlord x4  
  42  4:46  Overlord  
  42  4:59  Hatchery  
  41  5:02  Drone  
  41  5:05  Drone x2  
  41  5:06  Drone x4  
  48  5:12  Zerg Missile Weapons Level 1  
  48  5:15  Grooved Spines  
  48  5:18  Hive  
  48  5:26  Zerg Melee Weapons Level 2  
  48  5:45  Spire  
  47  5:51  Drone x2  
  47  5:52  Drone x6  
  47  5:53  Drone  
  56  6:09  Hydralisk x3  
  62  6:12  Hydralisk  
  64  6:27  Muscular Augments  
  64  6:28  Hydralisk x3  
  64  6:48  Adrenal Glands  
  64  6:52  Zergling x10  
  64  6:53  Zergling x12  
  75  6:58  Extractor  
  75  6:59  Drone  
  75  7:00  Extractor  
  74  7:07  Greater Spire  
  74  7:12  Zerg Missile Weapons Level 2  
  74  7:23  Drone x4  
  74  7:28  Drone x3  
  74  7:29  Drone x5  
  86  7:48  Hatchery  
  86  7:51  Hatchery  
  84  8:06  Extractor  
  84  8:09  Mutalisk x2  
  84  8:11  Overlord  
  84  8:12  Overlord x5  
  87  8:13  Overlord x4  
  87  8:18  Zerg Melee Weapons Level 3  
  87  8:19  Extractor  
  86  8:20  Zerg Ground Armor Level 2  
  86  8:25  Zerg Flyer Armor Level 1  
  86  8:31  Mutalisk x2  
  86  8:32  Mutalisk  
  92  8:36  Mutalisk  
  94  8:41  Corruptor  
  96  8:49  Drone x3  
  96  8:50  Drone x4  
  103  9:11  Corruptor x4  
  103  9:12  Corruptor  
  103  9:14  Zergling x10  
  108  9:38  Corruptor x4  
  110  10:02  Overseer x2  
  110  10:06  Corruptor x3  
  116  10:07  Corruptor  
  118  10:14  Corruptor  
  118  10:17  Zergling x6  
  118  10:18  Zergling x14  
  118  10:19  Overlord x3, Zerg Flyer Weapons Level 1  
  130  10:33  Hydralisk x5  
  130  10:34  Hydralisk x4  
  148  10:44  Brood Lord  
  148  10:49  Brood Lord  
  152  10:55  Brood Lord  
  154  11:03  Brood Lord  
  156  11:06  Overlord x2  
  156  11:07  Zergling x4  
  156  11:08  Zergling x12  
  156  11:09  Zergling x14  
  156  11:10  Zergling x2  
  172  11:27  Brood Lord  
  172  11:28  Brood Lord  
  108  12:16  Zergling x10  
  108  12:17  Zergling x16  
  108  12:18  Zergling x10  
  126  12:45  Hydralisk x6  
  126  12:46  Hydralisk x6  
  135  13:18  Zergling x4  
  135  13:19  Zergling x14  
  138  13:20  Zergling x16  
  138  13:21  Zergling x2  
  138  13:27  Zerg Missile Weapons Level 3  
  138  13:29  Zerg Ground Armor Level 3  
  138  13:30  Zerg Flyer Armor Level 2  
  138  13:32  Corruptor x4  
  138  13:33  Corruptor x2  
  136  13:47  Brood Lord  
  128  14:13  Hydralisk x6  
  128  14:14  Hydralisk x6  
  128  14:15  Hydralisk x2  
  108  14:28  Corruptor x3  
  102  14:33  Drone  
  102  14:34  Drone x2  
  102  14:35  Drone  
  106  14:42  Hydralisk x2  
  110  14:47  Overseer x2  
  110  14:48  Overseer  
  110  14:55  Drone x4  
  110  14:56  Drone  
  115  15:14  Hatchery  
  112  15:26  Zergling x4  
  112  15:27  Zergling x14  
  112  15:28  Zergling x10  
  125  15:29  Zergling x2  
  127  15:40  Drone  
  127  15:41  Drone x6  
  127  15:42  Drone  
  109  15:50  Zergling x8  
  109  15:51  Zergling x2  
  105  16:02  Zergling x12  
  105  16:03  Zergling x2  
  86  16:16  Drone x4  
  86  16:17  Drone x3  
  74  16:27  Hydralisk x2  
  76  16:36  Drone x3  
  76  16:37  Drone  
  76  16:38  Drone  
  72  16:45  Hydralisk  
  62  16:55  Brood Lord  
  62  17:05  Drone x4  
  57  17:53  Hatchery  
Show
View Real Time Build Order
Export as new Build Order

GatoconBotas Terran - Winner!

Build Orders: 2 Factory 

Get SALT Encoding   

  12  0:00  SCV  
  13  0:12  SCV  
  14  0:20  Supply Depot  
  14  0:24  SCV  
  15  0:42  Refinery, SCV  
  16  0:44  Barracks  
  16  0:54  SCV  
  17  1:06  SCV  
  18  1:18  SCV  
  19  1:30  SCV  
  19  1:32  Reaper  
  21  1:42  SCV  
  21  1:44  Command Center  
  22  1:53  Supply Depot  
  22  2:06  Orbital Command  
  22  2:14  Refinery  
  22  2:17  Factory  
  22  2:20  Barracks Reactor  
  22  3:11  Marine x2  
  22  3:12  Factory Reactor  
  24  3:16  Orbital Command  
  24  3:23  Factory  
  24  3:26  SCV  
  25  3:27  Barracks  
  25  3:30  Barracks  
  25  3:32  Marine x2  
  27  3:38  SCV  
  28  3:42  SCV  
  29  3:49  Marine x2  
  29  3:50  SCV  
  29  3:54  SCV  
  33  4:02  SCV  
  34  4:04  Engineering Bay  
  34  4:07  SCV  
  34  4:09  Armory, Factory Reactor  
  35  4:14  Hellion, SCV  
  38  4:19  SCV  
  39  4:26  SCV  
  39  4:30  Supply Depot  
  39  4:31  SCV  
  41  4:33  Barracks Reactor  
  41  4:34  Barracks Tech Lab  
  41  4:38  SCV  
  41  4:39  Hellion  
  41  4:41  Hellion  
  46  4:51  SCV x2  
  46  4:52  Supply Depot  
  48  4:59  Supply Depot  
  48  5:03  SCV x2  
  48  5:04  Hellion, Hellbat  
  54  5:13  Marine x2  
  60  5:14  Marauder, Hellion  
  60  5:15  SCV x2  
  62  5:27  Hellion x3  
  62  5:28  SCV x2  
  64  5:30  Hellion, Hellbat  
  64  5:32  Marine x2  
  64  5:34  Hellion x2  
  70  5:46  Supply Depot  
  70  5:48  Supply Depot x2  
  70  5:49  Supply Depot  
  70  6:07  Marine x2  
  70  6:08  Marauder, Hellion x2  
  70  6:09  SCV x2  
  80  6:12  Hellion x2  
  80  6:13  Marine  
  80  6:14  Command Center  
  83  6:21  SCV x2  
  81  6:29  Marauder  
  81  6:33  SCV x2  
  81  6:51  Marauder  
  77  7:05  Starport  
  77  7:07  Starport  
  77  7:10  Starport, Refinery  
  77  7:12  Refinery  
  77  7:18  Hellion x2  
  77  7:20  Marauder, Marine x3  
  77  7:21  Marine  
  87  7:29  Orbital Command  
  87  7:37  Missile Turret  
  87  7:41  Marauder  
  89  7:49  Starport Tech Lab x3  
  89  8:00  SCV  
  89  8:04  Missile Turret  
  89  8:05  SCV  
  91  8:10  Marauder, Marine x4  
  97  8:13  SCV  
  97  8:15  Hellion x4  
  97  8:17  SCV  
  107  8:25  SCV  
  108  8:28  Missile Turret  
  108  8:29  SCV  
  108  8:31  Marauder  
  111  8:36  Hellion  
  111  8:37  SCV  
  111  8:41  SCV, Orbital Command  
  115  8:48  Marine  
  115  8:49  SCV  
  117  8:55  Missile Turret  
  117  8:56  Marine x2, SCV  
  117  8:57  Hellbat x2  
  124  9:03  Supply Depot x3  
  124  9:08  Hellion x9  
  124  9:11  Refinery  
  124  9:12  Refinery  
  124  9:18  Fusion Core, Terran Vehicle Weapons Level 1  
  124  9:20  Terran Infantry Weapons Level 1  
  124  9:24  Marine x2  
  124  9:25  Supply Depot, Missile Turret  
  124  9:26  Hellbat x3  
  124  9:27  Supply Depot  
  124  9:28  Supply Depot  
  132  9:47  Missile Turret  
  132  10:05  Battlecruiser x3  
  150  10:08  Missile Turret  
  150  10:29  Supply Depot  
  150  10:33  Missile Turret  
  150  10:40  Factory  
  150  10:42  Factory  
  150  10:48  Factory Tech Lab  
  150  10:50  Factory Tech Lab  
  150  10:52  Marine x3  
  150  10:53  Supply Depot  
  153  11:00  Missile Turret  
  153  11:09  Battlecruiser x2  
  165  11:13  Terran Ship Weapons Level 1  
  165  11:14  Neosteel Armor  
  165  11:16  Supply Depot  
  165  11:21  Battlecruiser  
  171  11:28  Starport  
  171  11:29  Starport x2  
  171  11:39  Supply Depot  
  108  12:03  Supply Depot  
  106  12:13  Battlecruiser  
  106  12:23  Starport Tech Lab x2  
  106  12:27  Battlecruiser x2  
  118  12:43  Starport Tech Lab  
  118  13:02  Hellbat x4  
  118  13:05  Marine x5  
  128  13:07  Terran Vehicle And Ship Armor Level 1  
  128  13:11  Battlecruiser x3  
  149  13:18  Battlecruiser  
  143  13:23  Marine, Hellbat  
  144  14:03  Hellbat x2  
  144  14:04  Marine x5  
  149  14:22  Marine x3  
  152  14:33  Hellbat x4  
  152  14:34  Marine x2  
  162  14:39  Marine x2  
  162  14:40  Marine  
  165  14:52  Marine  
  166  14:54  Hellbat  
  150  15:13  Battlecruiser x3  
  168  15:15  Hellbat x3  
  168  15:16  Marine x2  
  168  15:17  Marine x3  
  179  15:34  Marine x4  
  173  16:15  Command Center  
  170  16:48  Hellbat x2  
  170  16:49  Marine x2  
  170  16:50  Marine  
Tags
 
Add a new tag
Caveats
  • Supply blocks, unpowered buildings, or Contaminate may cause inaccurate times.
  • Supply counts are checked every 10 seconds.